 Dungeon Crawl Stone Soup version 0.22-a0-274-gf8199ec (webtiles) character file.

14410 neds the Brawler (level 11, -6/97 HPs)
             Began as a Troll Hunter on Mar 13, 2018.
             Was a Believer of Makhleb.
             Mangled by a minotaur (19 damage)
             ... in a labyrinth on Mar 14, 2018.
             The game lasted 01:34:18 (12716 turns).

neds the Brawler (Troll Hunter)                    Turns: 12716, Time: 01:34:18

Health: -6/97      AC:  8    Str: 23    XL:     11   Next: 88%
Magic:  0/10       EV: 10    Int:  8    God:    Makhleb [**....]
Gold:   435        SH: 15    Dex: 14    Spells: 10/10 levels left

rFire    . . .     SeeInvis +     - Unarmed
rCold    + . .     Gourm    +   J - +0 large shield
rNeg     . . .     Faith    .   G - +1 robe of the Storm King {+Blink +Inv rPois Stlth-}
rPois    +         Spirit   +   (helmet restricted)
rElec    .         Reflect  .   n - +0 cloak
rCorr    .         Harm     .   (gloves unavailable)
MR       .....                  (boots unavailable)
Stlth    ..........             D - amulet of guardian spirit
HPRegen  0.66/turn              I - ring of protection from cold
MPRegen  0.12/turn              w - ring of the Octopus King {AC+1 EV+1 Str+1 Int+1 Dex+1 SInv}

@: hasted, very quick
A: large, unfitting armour, claws 3, fast metabolism 3, gourmand, regeneration
1, shaggy fur 1, tough skin 2
a: Minor Destruction, Renounce Religion, Evoke Blink, Evoke Invisibility


You were in a labyrinth.
You worshipped Makhleb.
Makhleb was pleased with you.
You were not hungry.

You visited 3 branches of the dungeon, and saw 13 of its levels.
You also visited: Labyrinth.

You collected 912 gold pieces.
You spent 477 gold pieces at shops.

Inventory:

Hand Weapons
 a - a +0 short sword
 u - a +0 blowgun
 L - a +0 giant club
Missiles
 d - 3 throwing nets (quivered)
 v - 26 poisoned needles
 y - 4 needles of sleeping
Armour
 n - a +0 cloak (worn)
 G - the +1 robe of the Storm King (worn) {+Blink +Inv rPois Stlth-}
   (You found it on level 6 of the Dungeon)

   It protects you from poison.
   It lets you turn invisible.
   It lets you blink.
   It makes you less stealthy.
 J - a +0 large shield (worn)
Jewellery
 p - an uncursed ring of magical power
 w - a ring of the Octopus King (right claw) {AC+1 EV+1 Str+1 Int+1 Dex+1 SInv}
   (You bought it in a shop on level 9 of the Dungeon)

   [ring of see invisible]

   It affects your AC (+1).
   It affects your evasion (+1).
   It affects your strength (+1).
   It affects your intelligence (+1).
   It affects your dexterity (+1).
   It lets you see invisible.
 D - an amulet of guardian spirit (around neck)
 I - a ring of protection from cold (left claw)
Wands
 b - a wand of polymorph (7)
 e - a wand of random effects (25)
 N - a wand of flame (30)
 Q - a wand of scattershot (4)
Scrolls
 i - 3 scrolls of blinking
 k - 3 scrolls of teleportation
 m - 2 scrolls of remove curse
 o - 3 scrolls of magic mapping
 r - a scroll of enchant weapon {unknown}
 x - 3 scrolls of enchant armour
 z - 4 scrolls of amnesia
 B - a scroll of fear {unknown}
 E - a scroll of noise {unknown}
 K - 2 scrolls of vulnerability {unknown}
 O - a scroll of random uselessness {unknown}
Potions
 g - 2 potions of heal wounds
 h - 2 potions of mutation
 j - 2 potions of agility {unknown}
 l - 7 potions of flight
 q - 2 potions of cancellation {unknown}
 s - 3 potions of curing {unknown}
 t - 2 potions of haste
 A - a potion of might {unknown}
 C - 2 potions of degeneration {unknown}
 F - 2 potions of magic {unknown}
 H - a potion of ambrosia {unknown}
 M - 2 potions of lignification {unknown}
 P - a potion of experience {unknown}
Comestibles
 f - 8 rations


   Skills:
 - Level 3.0 Fighting
 - Level 5.0 Throwing
 + Level 5.5 Dodging
 - Level 0.3 Stealth
 - Level 4.4 Shields
 + Level 15.7 Unarmed Combat


You had 10 spell levels left.
You didn't know any spells.

Dungeon Overview and Level Annotations

Branches:
Dungeon (10/15)            Temple (1/1) D:4            Lair (2/6) D:10
  Swamp: Lair:2-4    Shoals: Lair:2-4     Snake: Lair:2-4    Spider: Lair:2-4
    Orc: D:9-12

Altars:
Ashenzari
Cheibriados
Dithmenos
Elyvilon
Fedhas
Gozag
Hepliaklqana
Kikubaaqudgha
Makhleb
Nemelex Xobeh
Okawaru
Qazlal
Ru
Sif Muna
Trog
Uskayaw
Vehumet
Wu Jian
Xom
Yredelemnul
Zin
The Shining One

Shops:
D:9 =

Annotations:
D:5 Blork the orc
Lair:1 Arum's ghost, journeyman GnWn


Innate Abilities, Weirdness & Mutations

You are too large for most types of armour.
You have claws for hands.
Your metabolism is lightning-fast.
You like to eat raw meat.
Your natural rate of healing is unusually fast.
You are covered in fur. (AC +1)
You have very tough skin. (AC +2)


Message History

The minotaur is heavily wounded.
You claw the minotaur!
The minotaur is heavily wounded.
The minotaur hits you!!
* * * LOW HITPOINT WARNING * * *
You block the minotaur's attack.
You closely miss the minotaur.
The minotaur is heavily wounded.
The minotaur hits you!
* * * LOW HITPOINT WARNING * * *
The minotaur barely misses you.
You feel much better.
The minotaur throws a javelin.
The javelin hits you!!
* * * LOW HITPOINT WARNING * * *
You block the minotaur's attack. The minotaur barely misses you.
Your shield prevents you from hitting the minotaur.
The minotaur is heavily wounded.
You scratch the minotaur but do no damage.
The minotaur is heavily wounded.
You block the minotaur's attack. The minotaur gores you!!
You die...

#. # # .###
# #. .
.#...#
#####. .#
#### #(..
H..# .#. .#
#(##### #
###.#. # .
#.H@((#<..#
. #.#.
###.#### (#
. .# .#.#
#.# .# #.
#. ### #.#
###.#. # .
. #.... #
... . # ###
# ## # . .
.. .#.#.#.
. . # # #.
#.# ##.## #
. # ..# .
.. .


You could see a minotaur.

Vanquished Creatures
  A centaur warrior (D:10)
  The ghost of whitenoisemaker the Purveyor of Pain, a journeyman DsNe of Kikubaaqudgha (D:9)
  A two-headed ogre (D:8)
  2 unseen horrors (Lab)
  A centaur zombie (D:7)
  3 black mambas (Lair:1)
  6 spiny frogs
  3 gargoyles
  A shadow (Lab)
  A vampire mosquito (D:10)
  4 hungry ghosts (Lab)
  Edmund (D:5)
  4 water moccasins
  Duvessa (D:7)
  5 porcupines
  3 black bears
  2 orc warriors
  3 sky beasts
  A phantom (D:6)
  3 ice beasts
  9 ogres
  2 centaurs
  2 crocodiles (Lair:1)
  A big kobold (D:9)
  7 bullfrogs
  Dowan (D:7)
  A wyvern skeleton (D:6)
  3 scorpions
  14 killer bees
  A wight (D:7)
  An electric eel (Lair:1)
  4 howler monkeys (D:8)
  2 crimson imps
  A bullfrog zombie (D:7)
  2 jellies
  5 hounds
  A bullfrog skeleton (D:4)
  6 orc priests
  12 orc wizards
  7 iguanas
  18 worker ants
  A hound skeleton (D:5)
  A howler monkey skeleton (D:7)
  A worker ant zombie (D:8)
  14 adders
  A shadow imp (D:5)
  2 oozes
  2 adder zombies
  2 adder skeletons (D:4)
  3 worms
  A dart slug (D:3)
  11 leopard geckos
  40 orcs
  4 bats
  10 giant cockroaches
  4 hobgoblins
  3 jackals (D:3)
  10 kobolds
  2 quokkas
  5 frilled lizards
  3 goblins (D:2)
  A quokka zombie (D:5)
  6 rats
  5 butterflies
  9 plants (Lab)
288 creatures vanquished.

Notes
Turn   | Place    | Note
-------+----------+-------------------------------------------
     0 | D:1      | neds the Troll Hunter began the quest for the Orb.
     0 | D:1      | Reached XP level 1. HP: 19/19 MP: 0/0
   227 | D:1      | Reached XP level 2. HP: 28/28 MP: 1/1
   926 | D:2      | Reached XP level 3. HP: 32/36 MP: 2/2
  1322 | D:2      | Reached XP level 4. HP: 44/44 MP: 3/3
  1695 | D:3      | Found a sparkling altar of Nemelex Xobeh.
  1724 | D:3      | Reached skill level 1 in Unarmed Combat
  1724 | D:3      | Reached XP level 5. HP: 25/53 MP: 4/4
  2185 | D:3      | Reached skill level 5 in Throwing
  2244 | D:4      | Reached skill level 2 in Unarmed Combat
  2299 | D:4      | Reached skill level 3 in Unarmed Combat
  2327 | D:3      | Reached XP level 6. HP: 49/61 MP: 5/5
  2672 | D:4      | Found an opulent altar of Gozag.
  2718 | D:4      | Reached skill level 4 in Unarmed Combat
  3331 | D:4      | Found a staircase to the Ecumenical Temple.
  3340 | Temple   | Entered the Ecumenical Temple
  3507 | D:4      | Reached skill level 5 in Unarmed Combat
  3593 | D:5      | Entered Level 5 of the Dungeon
  3624 | D:5      | Reached XP level 7. HP: 66/67 MP: 6/6
  3950 | D:5      | Reached skill level 6 in Unarmed Combat
  4155 | D:5      | Noticed Edmund
  4165 | D:5      | Killed Edmund
  4165 | D:5      | Reached skill level 7 in Unarmed Combat
  4219 | D:5      | Noticed Blork the orc
  4510 | D:5      | Reached XP level 8. HP: 75/75 MP: 7/7
  4551 | D:5      | Reached skill level 8 in Unarmed Combat
  4860 | D:5      | Found a blossoming altar of Fedhas.
  4959 | D:6      | Found an ornate altar of the Wu Jian Council.
  5093 | D:6      | Reached skill level 9 in Unarmed Combat
  5120 | D:7      | Noticed Duvessa
  5134 | D:7      | Reached skill level 10 in Unarmed Combat
  5319 | D:6      | Got a shadowed robe
  5527 | D:6      | Reached XP level 9. HP: 55/81 MP: 8/8
  5610 | D:6      | Found an iron altar of Okawaru.
  5672 | D:6      | Identified the +1 robe of the Storm King {+Blink +Inv rPois Stlth-} (You found it on level 6 of the Dungeon)
  5840 | D:7      | Noticed Dowan
  5888 | D:7      | Reached skill level 11 in Unarmed Combat
  6374 | D:7      | Reached skill level 12 in Unarmed Combat
  6401 | D:7      | Killed Duvessa
  6404 | D:7      | Killed Dowan
  6557 | D:7      | Found a runed door.
  6568 | D:7      | Found a runed door.
  6609 | D:7      | Reached skill level 13 in Unarmed Combat
  6615 | D:7      | Reached XP level 10. HP: 91/91 MP: 6/9
  6674 | D:7      | Found a faded altar of an unknown god.
  6674 | D:7      | Found a stormy altar of Qazlal.
  6680 | D:7      | Found a faded altar of an unknown god.
  6682 | D:7      | Found a shattered altar of Ashenzari.
  6684 | D:7      | Found a burning altar of Makhleb.
  6687 | D:7      | Became a worshipper of Makhleb the Destroyer
  6852 | D:7      | Found a shimmering altar of Xom.
  7113 | D:8      | Noticed a two-headed ogre
  7116 | D:8      | Killed a two-headed ogre
  7409 | D:8      | Found a deep blue altar of Sif Muna.
  7409 | D:8      | Found a hazy altar of Hepliaklqana.
  7830 | D:8      | Found a hide-covered altar of Uskayaw.
  8014 | D:9      | Noticed whitenoisemaker's ghost (journeyman DsNe)
  8034 | D:9      | Killed whitenoisemaker's ghost
  8034 | D:9      | Reached skill level 14 in Unarmed Combat
  8082 | D:9      | Noticed a purple ugly thing
  8247 | D:9      | Found a sacrificial altar of Ru.
  8293 | D:9      | Reached * piety under Makhleb
  8342 | D:9      | Found Syubloutt's Jewellery Shoppe.
  8345 | D:9      | Bought a ring of the Octopus King {AC+1 EV+1 Str+1 Int+1 Dex+1 SInv} for 477 gold pieces
  8345 | D:9      | Found the ring of the Octopus King {AC+1 EV+1 Str+1 Int+1 Dex+1 SInv}
  8441 | D:10     | Entered Level 10 of the Dungeon
  8465 | D:10     | Noticed a gargoyle
  8474 | D:10     | Killed a gargoyle
  8688 | D:10     | Noticed a five-headed hydra
  9150 | D:10     | Noticed a centaur warrior
  9164 | D:10     | Killed a centaur warrior
  9164 | D:10     | Reached XP level 11. HP: 74/97 MP: 8/10
  9295 | D:10     | Found a staircase to the Lair.
  9304 | Lair:1   | Entered Level 1 of the Lair of Beasts
  9843 | Lair:1   | Reached skill level 15 in Unarmed Combat
  9891 | Lair:1   | Reached ** piety under Makhleb
 10411 | Lair:2   | Found a labyrinth entrance.
 10496 | Lair:1   | Noticed Arum's ghost (journeyman GnWn)
 10582 | Lab      | Entered a labyrinth
 11759 | Lab      | Reached skill level 5 in Dodging
 12295 | Lab      | Noticed an unseen horror
 12298 | Lab      | Noticed an unseen horror
 12309 | Lab      | Killed an unseen horror
 12314 | Lab      | Killed an unseen horror
 12681 | Lab      | Noticed a minotaur
 12716 | Lab      | Mangled by a minotaur

Vault maps used:
D:1:      enne_arrival_octagon_isle
D:2:      first_ration
D:3:      nemelex_xobeh_ov_fountains_minmay
D:4:      lemuel_doored_altar, temple_hall, minmay_tree_intersection,
          minmay_quantized
D:5:      fedhas_altar_fruit_tree, uniq_blork_the_orc, uniq_edmund
D:6:      kennysheep_little_box, okawaru_ov_weapons_minmay
D:7:      lemuel_insect_pit, chequers_temple_overflow_minitemple, tgw_xom,
          uniq_duvessa
D:8:      lemuel_coloured_pillars_altar, gammafunk_temple_overflow_statue
D:9:      kennysheep_mini_moat, serial_shops, kennysheep_mini
D:10:     minmay_the_grid_net, lair_entry_dummy
Temple:   eino_wide_crystal_templ
Lair:1:   grunt_megastairs_4, serial_bayou_shore_b, infiniplex_staircase_pool_2,
          lemuel_fruit_fields
Lair:2:   beast_lair_carwin_large_1, lab_entry_generic,
          grunt_forest_stairs_basic
Lab:      nicolae_lab_hexagon, nicolae_lab_quarters, labyrinth_glass_1,
          nicolae_lab_garden

Skill      XL: |  1  2  3  4  5  6  7  8  9 10 11 |
---------------+----------------------------------+-----
Fighting       | 2 3 |  3.0
Throwing       | 4 5 |  5.0
Unarmed Combat | 1 3 5 7 10 13 14 15 | 15.7
Shields        | 4 |  4.4
Dodging        | 5 |  5.5
Stealth        | |  0.3

Action                   |  1- 3 |  4- 6 |  7- 9 | 10-12 || total
-------------------------+-------+-------+-------+-------++-------
Melee: Unarmed           |   107 |   175 |   324 |   445 ||  1051
       Punch             |       |     1 |     6 |       ||     7
Throw: Large rock        |     8 |    12 |    25 |    19 ||    64
  Use: Scroll            |       |     3 |     6 |     7 ||    16
       Potion            |       |       |       |     3 ||     3
 Stab: Sleeping          |     2 |       |       |       ||     2
  Eat: Chunk             |    15 |    20 |    31 |    30 ||    96
       Ration            |       |       |       |     7 ||     7
Armor: Robe              |    36 |    45 |    83 |    73 ||   237
Dodge: Dodged            |    46 |    86 |    97 |    57 ||   286
Block: Shield            |       |       |    70 |     7 ||    77
       Large shield      |       |       |       |   188 ||   188

Table legend:
 A = Spawn XP
 B = Non-spawn XP
 C = Spawn XP percentage of total XP
 D = Spawn monster count
 E = Non-spawn monster count
 F = Spawn count percentage of total count
 G = Total turns spent on level
                    A         B        C        D         E        F      G
               +---------+---------+-------+---------+---------+-------+---------
         Total |       0 |   20586 |   0.0 |       0 |     274 |   0.0 | 12716
               +---------+---------+-------+---------+---------+-------+---------
           D:1 |       0 |      22 |   0.0 |       0 |      13 |   0.0 |   743
           D:2 |       0 |      98 |   0.0 |       0 |      22 |   0.0 |   729
           D:3 |       0 |     156 |   0.0 |       0 |      24 |   0.0 |   987
           D:4 |       0 |     427 |   0.0 |       0 |      23 |   0.0 |  1034
           D:5 |       0 |     933 |   0.0 |       0 |      32 |   0.0 |  1345
           D:6 |       0 |    1284 |   0.0 |       0 |      23 |   0.0 |  1115
           D:7 |       0 |    2807 |   0.0 |       0 |      40 |   0.0 |   846
           D:8 |       0 |    1698 |   0.0 |       0 |      16 |   0.0 |  1157
           D:9 |       0 |    1584 |   0.0 |       0 |      18 |   0.0 |   534
          D:10 |       0 |    2721 |   0.0 |       0 |      31 |   0.0 |   714
        Lair:1 |       0 |    4066 |   0.0 |       0 |      16 |   0.0 |  1082
        Lair:2 |       0 |    1470 |   0.0 |       0 |       7 |   0.0 |   196
           Lab |       0 |    3320 |   0.0 |       0 |       9 |   0.0 |  2134
               +---------+---------+-------+---------+---------+-------+---------
